 Dungeon Crawl Stone Soup version 0.20-a0-493-g19c8d8d (webtiles) character file.

782185 Paprika the Sniper (level 27, -2/273 HPs)
             Began as a Minotaur Monk on Jan 6, 2017.
             Was the Champion of the Shining One.
             Slain by an Orb Guardian (13 damage)
             ... on level 5 of the Realm of Zot on Jan 16, 2017.
             The game lasted 08:20:10 (102265 turns).

Paprika the Sniper (Minotaur Monk)                Turns: 102265, Time: 08:20:10

Health: -2/273     AC: 50    Str: 27    XL:     27
Magic:  10/26      EV: 21    Int: 13    God:    the Shining One [******]
Gold:   5640       SH: 12    Dex: 27    Spells: 30/40 levels left

rFire    + + +     SeeInvis .   s - +7 great mace "Cibener" {flame, Int+2}
rCold    + + .     Gourm    .   P - +9 armour of the Dragon King {rPois rF+ rC+ MR+}
rNeg     + + +     Faith    +   (shield currently unavailable)
rPois    +         Spirit   .   g - +1 hat of the Bagpipe {+Fly rC+}
rElec    .         Reflect  .   b - +1 cloak {+Inv}
rCorr    .         Harm     .   X - +1 pair of gloves {Dex+3}
MR       +++..                  (boots unavailable)
Stlth    ..........             v - amulet of faith
Regen    0.3/turn               j - ring of New Discoveries {+Fly MP+9 Str+4 Dex+5}
                                J - ring of Keuxt {rPois rF+ MP-9 AC+5}

@: divine shield, about to teleport, glowing
A: retaliatory headbutt, hooves 3, horns 2, molten scales 1, rugged brown scales
1, clever 2, fire resistance 1, low mp 2, shaggy fur 1, slow regeneration 1,
subdued magic 2
}: 4/15 runes: decaying, slimy, silver, gossamer
a: Divine Shield, Cleansing Flame, Summon Divine Warrior, Brand Weapon With Holy
Wrath, Renounce Religion, Evoke Invisibility, Evoke Flight


You were on level 5 of the Realm of Zot.
You worshipped the Shining One.
The Shining One was exalted by your worship.
You were very hungry.

You visited 13 branches of the dungeon, and saw 59 of its levels.
You visited 2 bazaars.
You also visited: Labyrinth, Ossuary, Bailey and Volcano.

You collected 9267 gold pieces.
You spent 3627 gold pieces at shops.

Inventory:

Hand Weapons
 n - a +9 trishula of holy wrath
 s - the +7 great mace "Cibener" (weapon) {flame, Int+2}
   (Okawaru gifted it to you on level 15 of the Dungeon)

   It has been specially enchanted to burn those struck by it, causing extra
   injury to most foes and up to half again as much damage against particularly
   susceptible opponents.
   It affects your intelligence (+2).
 w - the +5 triple crossbow "Rese" {freeze, MR++ Str+3}
   (Okawaru gifted it to you on level 2 of the Depths)

   It causes projectiles fired from it to freeze those they strike, causing
   extra injury to most foes and up to half again as much damage against
   particularly susceptible opponents.
   They can also slow down cold-blooded creatures.
   It affects your strength (+3).
   It affects your resistance to hostile enchantments.
Missiles
 x - 1695 bolts
Armour
 b - a +1 cloak of invisibility (worn)
 g - the +1 hat of the Bagpipe (worn) {+Fly rC+}
   (You acquired it on level 9 of the Dungeon)

   It protects you from cold.
   It lets you fly.
 P - the +9 armour of the Dragon King (worn) {rPois rF+ rC+ MR+}
   (You found it on level 1 of the Depths)

   It protects you from fire.
   It protects you from cold.
   It protects you from poison.
   It affects your resistance to hostile enchantments.
 X - a +1 pair of gloves of dexterity (worn)
Jewellery
 j - the ring of New Discoveries (right hand) {+Fly MP+9 Str+4 Dex+5}
   (You bought it in a shop on level 2 of the Orcish Mines)

   [ring of flight]

   It affects your strength (+4).
   It affects your dexterity (+5).
   It affects your magic capacity (+9).
   It lets you fly.
 v - an amulet of faith (around neck)
 J - the ring of Keuxt (left hand) {rPois rF+ MP-9 AC+5}
   (You bought it in a shop on level 2 of the Orcish Mines)

   [ring of protection]

   It affects your AC (+5).
   It protects you from fire.
   It protects you from poison.
   It affects your magic capacity (-9).
Wands
 o - a wand of flame (14/48)
 r - a wand of iceblast (7/15)
 u - a wand of digging (3/24)
 A - a wand of digging (12/24)
 M - a wand of iceblast (2/15)
Scrolls
 a - 13 scrolls of fear
 d - 14 scrolls of teleportation
 e - 33 scrolls of remove curse
 h - 7 scrolls of fog
 l - a scroll of brand weapon
 p - 9 scrolls of enchant armour
 q - 4 scrolls of blinking
 z - 5 scrolls of magic mapping
 G - 5 scrolls of enchant weapon
 H - 5 scrolls of identify
 N - 8 scrolls of recharging
 R - a scroll of acquirement
 T - 3 scrolls of silence
 W - a scroll of holy word
Potions
 f - 22 potions of curing
 i - 8 potions of agility
 k - 9 potions of lignification
 t - a potion of brilliance
 B - 4 potions of resistance
 D - 5 potions of might
 O - 3 potions of flight
 S - 3 potions of cure mutation
Miscellaneous
 y - a lightning rod (4/4)
 C - a phial of floods (inert)
 F - a fan of gales (inert)
 K - 4 boxes of beasts
 Q - a lamp of fire
Comestibles
 c - 7 bread rations
 m - 2 chunks of flesh
 I - 42 fruits
 V - 2 beef jerkies
 Z - a meat ration


   Skills:
 - Level 25.0 Fighting
 - Level 20.0 Maces & Flails
 - Level 14.0 Polearms
 - Level 26.2 Crossbows
 - Level 24.0 Armour
 + Level 17.8 Dodging
 - Level 3.0 Stealth
 - Level 7.1 Spellcasting
 - Level 8.7 Charms
   Level 3.1 Necromancy
 - Level 11.9 Translocations
 + Level 15.4 Invocations
 - Level 13.2 Evocations


You had 30 spell levels left.
You knew the following spells:

 Your Spells              Type           Power        Failure   Level  Hunger
a - Repel Missiles        Chrm/Air       ##....       26%         2    #......
c - Shroud of Golubria    Chrm/Tloc      ###.......   1%          2    #......
d - Portal Projectile     Tloc           ###...       1%          3    ##.....
e - Song of Slaying       Chrm           ###.....     3%          2    #......
f - Infusion              Chrm           ###.         1%          1    None


Dungeon Overview and Level Annotations

Branches:
Dungeon (15/15)            Temple (1/1) D:6            Lair (6/6) D:9
  Swamp (4/4) Lair:3       Spider (4/4) Lair:3        Slime (5/5) Lair:5
    Orc (2/2) D:11            Elf (3/3) Orc:2        Vaults (5/5) D:14
  Crypt (3/3) Vaults:2       Tomb (0/3) Crypt:3      Depths (5/5) D:15
   Hell (1/1)                 Zot (5/5) Depths:5
    Dis: Hell:1         Geh: Hell:1         Coc: Hell:1         Tar: Hell:1

Altars:
Ashenzari
Cheibriados
Dithmenos
Elyvilon
Fedhas
Gozag
Hepliaklqana
Kikubaaqudgha
Makhleb
Nemelex Xobeh
Okawaru
Qazlal
Ru
Sif Muna
Trog
Uskayaw
Vehumet
Xom
Yredelemnul
Zin
The Shining One
Beogh
Jiyva

Shops:
D:10 !**!!   Orc:1 =   Orc:2 ==}([   Elf:1 [   Elf:2 !   Elf:3 *[%[*
Vaults:2 *   Vaults:4 %   Depths:1 }

Portals:
Hell: Depths:1 Depths:2 Depths:3 Depths:4 Depths:5
Abyss: Depths:4
Pandemonium: Depths:3
Ziggurat: Depths:5

Annotations:
Hell Geryon


Innate Abilities, Weirdness & Mutations

You reflexively headbutt those who attack you in melee.
You have a pair of horns on your head.
You have hooves in place of feet.
You are partially covered in molten scales. (AC +2)
You are partially covered in rugged brown scales. (AC +1, +3% HP)
Your mind is very acute. (Int +4)
Your flesh is heat resistant. (rF+)
Your magical capacity is very low. (-20% MP)
You are covered in fur. (AC +1)
You regenerate slowly when monsters are visible.
Your spells are easier to cast, but less powerful.


Message History

Okay, then.
Okay, then.
Evoke which item? (* to show all) (? for menu, Esc to quit)
Okay, then.
Your blink will be uncontrolled - continue anyway?
Okay, then.
As you read the scroll of teleportation, it crumbles to dust.
You feel strangely unstable.
You feel the Orb delaying your translocation!
The yellow draconian dies!
You block the Orb Guardian's attack. The golden dragon bites you.
* * * LOW HITPOINT WARNING * * *
The golden dragon claws you but does no damage.
The golden dragon barely misses you.
The yellow draconian hits your golden dragon but does no damage.
The electric golem blinks!
You block the purple draconian's attack.
The white draconian knight splashes around in the water.
The Orb Guardian barely misses you. The Orb Guardian hits you!
You die...

▓▓▓▓▓▓▓▓▓▓
▓▓▓▓@d§......
▓▓.dDXXd....^.
▓▓.Hd≈DqE§.....
▓...d)d^*≈.....
▓....≈≈≈≈≈.....
▓▓[.y8...≈.....
▓▓............
▓▓...........
............


You could see an orb of fire, an electric golem, a white draconian knight
(invisible), a golden dragon (berserk), a yellow draconian (berserk), a green
draconian (berserk), a purple draconian (berserk), a red draconian (berserk), a
white draconian (berserk), 2 Orb Guardians, a moth of wrath (fleeing), a
friendly golden dragon, a friendly red draconian, a friendly elder batshock
beast and a friendly water elemental.

Vanquished Creatures
  the Royal Jelly (Slime:5)
  Mara (Vaults:5)
  7 ancient liches (Zot:5)
  4 orbs of fire
  Mennas (Depths:2)
  Sojobo (Vaults:5)
  Bai Suzhen (Depths:2)
  3 Killer Klowns
  5 curse toes
  Xtahua (Vaults:5)
  A caustic shrike (Depths:4)
  9 golden dragons
  3 profane servitors
  3 bone dragons
  Jorgrun (Depths:4)
  3 electric golems
  Rupert (D:13)
  6 liches
  12 tentacled monstrosities
  12 Orb Guardians (Zot:5)
  8 deep elf blademasters
  13 titans
  4 deep elf master archers
  12 quicksilver dragons
  Agnes (Elf:3)
  Frances (Elf:3)
  9 sphinxes
  6 death cobs
  21 acid blobs
  2 thorn hunters (Swamp:2)
  11 tengu reavers
  5 ancient champions
  Kirke (Lair:6)
  3 revenants
  9 storm dragons
  11 azure jellies
  9 draconian monks
  14 shadow dragons
  Roxanne (D:14)
  34 fire giants
  20 frost giants
  11 ghost moths
  4 iron dragons
  4 draconian knights
  Aizul (Vaults:1)
  11 deep elf sorcerers
  4 orc warlords
  9 deep elf elementalists
  4 draconian scorchers
  Louise (Depths:4)
  4 emperor scorpions (Spider:4)
  A curse skull (Crypt:1)
  3 draconian stormcallers
  16 vault wardens
  7 draconian shifters
  4 draconian annihilators
  2 spriggan defenders (Depths:4)
  2 war gargoyles
  A reaper (Crypt:3)
  14 ironheart preservers
  14 ghouls
  38 very ugly things
  45 stone giants
  11 vampire knights
  12 black draconians
  9 entropy weavers
  The ghost of Piginabag the Carver, a journeyman DsWn of Gozag (D:14)
  14 deep elf demonologists
  15 green draconians
  2 deep elf annihilators (Elf:3)
  16 spark wasps
  10 white draconians
  10 red draconians
  6 purple draconians
  16 yellow draconians
  4 merfolk javelineers
  A crystal guardian (D:13)
  11 eidola
  3 death oozes
  15 ettins
  9 deep elf death magi
  13 jiangshi
  A mummy priest (Crypt:3)
  2 quicksilver dragon zombies
  A blizzard demon (Depths:2)
  4 minotaurs
  20 fire dragons
  22 yaktaur captains
  2 merfolk impalers (Vaults:3)
  30 vault guards
  13 ice dragons
  10 deep elf high priests
  An ice dragon (shapeshifter) (Depths:3)
  A naga warrior (Vaults:2)
  14 great orbs of eyes
  7 rakshasas
  40 hydras
  2 ghost crabs (Swamp:1)
  The ghost of crawlcharacter the Severer, a journeyman MiBe of Trog (Bailey)
  5 spriggan air magi
  16 centaur warriors
  7 death knights
  A catoblepas (Lair:6)
  The ghost of Mythica the Fighter, a novice MiFi (Bailey)
  71 two-headed ogres
  14 deep troll shamans
  6 alligators
  A queen ant (Spider:3)
  9 deep troll earth magi
  30 dancing weapons
  17 ogre magi
  19 death yaks
  9 vampire magi
  6 tengu warriors
  Urug (D:14)
  3 soul eaters (Depths:2)
  2 orc high priests
  3 titan zombies
  37 deep elf knights
  5 spriggan berserkers
  6 iron trolls
  17 hell knights
  Sonja (D:10)
  2 sun demons
  51 skeletal warriors
  A titan skeleton (Depths:2)
  A fire crab (shapeshifter) (Vaults:2)
  2 shadow wraiths
  3 small abominations
  2 golden dragon zombies
  5 glowing orange brains
  43 deep trolls
  13 flayed ghosts
  3 spriggan druids (Swamp:3)
  2 unseen horrors
  9 swamp dragons
  A death drake (shapeshifter) (Vaults:3)
  A lindwurm (Lair:6)
  4 obsidian statues
  26 deep elf archers
  7 wizards
  2 necromancers
  25 phantasmal warriors
  A harpy (shapeshifter) (Depths:3)
  3 shambling mangroves
  8 harpies
  A golden dragon skeleton (Depths:2)
  5 oklob plants
  22 ironbrand convokers
  A shadow dragon zombie (Crypt:3)
  34 wolf spiders
  20 orb spiders
  A sphinx zombie (Depths:2)
  The ghost of Da5id the Jinx, a novice DEEn of Ashenzari (D:8)
  6 orc sorcerers
  A wolf spider zombie (Crypt:3)
  52 ugly things
  68 deep elf magi
  A sphinx skeleton (Crypt:1)
  2 stone giant zombies (Depths:2)
  17 orc knights
  2 salamanders (shapeshifter)
  A faun (shapeshifter) (Depths:3)
  4 frost giant zombies
  An iron dragon skeleton (Depths:2)
  A manticore (shapeshifter) (Depths:1)
  28 moths of wrath
  3 fire giant zombies
  4 cyclopes
  13 manticores
  11 shining eyes
  9 elephants
  An elephant (shapeshifter) (Vaults:2)
  A salamander (Vaults:2)
  18 vault sentinels
  5 eyes of devastation
  2 molten gargoyles (Volcano)
  2 rust devils (Depths:2)
  An eye of devastation (shapeshifter) (Vaults:5)
  6 black mambas
  A guardian serpent (shapeshifter) (Vaults:2)
  2 torpor snails
  24 spiny frogs
  A catoblepas zombie (Crypt:3)
  An orange demon (Depths:2)
  A gargoyle (D:10)
  An emperor scorpion zombie (Crypt:3)
  A spiny frog (shapeshifter) (Depths:4)
  A grey draconian zombie (Crypt:2)
  13 freezing wraiths
  A yaktaur (shapeshifter) (Vaults:3)
  4 komodo dragons
  An ice devil (Depths:2)
  71 yaktaurs
  3 efreet (Volcano)
  A guardian mummy (Crypt:3)
  5 rime drakes (Lair:6)
  2 hydra zombies
  8 demonic crawlers
  4 tengu conjurers
  8 trolls
  2 red devils (Depths:2)
  A meliai (shapeshifter) (Vaults:1)
  A catoblepas skeleton (Crypt:1)
  19 merfolk
  36 jumping spiders
  A jumping spider (shapeshifter) (Vaults:4)
  A merfolk (shapeshifter) (D:15)
  3 polar bears
  11 tyrant leeches
  25 hornets
  A hornet (shapeshifter) (D:13)
  16 blink frogs
  A raiju (shapeshifter) (Vaults:3)
  2 wind drakes (shapeshifter)
  145 slime creatures
  A wolf spider simulacrum (D:15)
  8 bog bodies
  3 ettin zombies
  24 dream sheep
  4 flying skulls
  13 hippogriffs
  A hydra skeleton (Crypt:1)
  88 redbacks
  12 spriggans
  8 air elementals
  2 vampires
  5 wyverns
  10 water elementals
  11 wraiths
  43 yaks
  5 shadows
  A redback (shapeshifter) (D:15)
  38 tarantellas
  2 hogs (Lair:6)
  A black mamba skeleton (Crypt:2)
  15 humans
  A hungry ghost (D:7)
  4 fire elementals
  A human (shapeshifter) (D:15)
  A golden eye (shapeshifter) (Depths:3)
  9 golden eyes (Slime:5)
  2 hogs (shapeshifter)
  10 vampire mosquitoes
  7 basilisks
  2 steam dragons (Lair:6)
  7 wargs
  A warg (shapeshifter) (D:15)
  2 nagas (Vaults:2)
  A glowing shapeshifter zombie (Crypt:2)
  26 soldier ants
  5 insubstantial wisps (Swamp:3)
  5 acid dragons
  A naga (shapeshifter) (Vaults:3)
  17 swamp worms
  3 hell hounds (Depths:4)
  A faun skeleton (Crypt:2)
  12 water moccasins
  10 porcupines
  A floating eye (Depths:4)
  3 sky beasts
  18 swamp drakes
  52 orc warriors
  An ice beast (shapeshifter) (Depths:5)
  4 phantoms
  6 ice beasts
  A black bear (D:11)
  A deep troll skeleton (Vaults:5)
  A dream sheep zombie (Crypt:2)
  6 eyes of draining
  18 necrophages
  An ogre (shapeshifter) (Depths:2)
  6 boggarts
  53 ogres
  6 wolves
  32 centaurs
  17 crocodiles
  3 elf zombies
  A big kobold (D:13)
  An octopode zombie (Crypt:1)
  19 bullfrogs
  8 earth elementals
  8 wyvern skeletons
  A water moccasin skeleton (D:7)
  7 scorpions
  A scorpion (shapeshifter) (Vaults:1)
  A yak zombie (Crypt:1)
  8 killer bees
  4 wights
  2 troll skeletons
  4 electric eels (D:10)
  A howler monkey (shapeshifter) (Vaults:5)
  A polar bear skeleton (Crypt:1)
  5 howler monkeys
  5 centaur zombies
  14 crimson imps
  A quasit (D:13)
  10 hounds
  6 human zombies
  A basilisk zombie (Crypt:2)
  A gnoll shaman (D:10)
  4 jellies
  29 orc priests
  A soldier ant zombie (Crypt:2)
  3 bullfrog skeletons
  6 centaur skeletons
  4 iron imps (Depths:2)
  2 human skeletons
  6 iguanas
  30 orc wizards
  24 worker ants
  A big kobold zombie (Ossuary)
  An ogre skeleton (Lab)
  A naga zombie (Crypt:3)
  2 hound zombies
  2 hound skeletons
  6 mummies
  Robin (D:3)
  18 gnolls
  A howler monkey skeleton (D:4)
  2 worker ant zombies
  5 adders
  4 shadow imps
  4 white imps (Depths:2)
  4 adder zombies
  A worm (D:3)
  2 dart slugs
  4 leopard geckos
  152 orcs
  4 bats
  7 giant cockroaches
  21 goblins
  14 hobgoblins
  13 jackals
  26 kobolds
  4 quokkas
  2 ball pythons
  3 frilled lizards
  A goblin zombie (Ossuary)
  11 hobgoblin zombies (Ossuary)
  2 jackal zombies
  6 kobold zombies (Ossuary)
  9 orc zombies (Ossuary)
  A quokka zombie (D:5)
  3 rats
  A rat zombie (Ossuary)
  2 briar patches (Swamp:2)
  A butterfly (Lair:1)
  3 crawling corpses (Elf:3)
  A fire vortex (Volcano)
  A fungus (Lair:5)
  A plant (Lair:5)
  2 withered plants (Crypt:3)
3308 creatures vanquished.

Vanquished Creatures (collateral kills)
  A quicksilver dragon (Depths:4)
  A vault warden (Vaults:5)
  2 ironheart preservers (Vaults:5)
  A stone giant (Vaults:5)
  A deep elf elementalist (Vaults:5)
  An entropy weaver (Vaults:5)
  A spark wasp (Depths:4)
  A yellow draconian (Zot:5)
  2 death oozes (Slime:5)
  An ettin (Vaults:5)
  A jiangshi (Depths:3)
  5 vault guards
  A two-headed ogre (Vaults:5)
  An ogre mage (Vaults:5)
  A deep troll shaman (Depths:4)
  A hell knight (Depths:2)
  A deep troll (Vaults:5)
  An ironbrand convoker (Vaults:5)
  A harpy (Vaults:5)
  A moth of wrath (Zot:5)
  2 vault sentinels
  A yaktaur (Depths:4)
  An ogre (Vaults:5)
30 creatures vanquished.

Vanquished Creatures (others)
  A vampire knight (Depths:1)
  A dancing weapon (Elf:1)
  An ogre mage (Vaults:2)
  A deep elf archer (Elf:3)
  A deep elf mage (Vaults:2)
  A moth of wrath (Zot:5)
  A dream sheep (Lair:6)
  A spriggan (Swamp:1)
  An air elemental (Depths:4)
  A basilisk (Lair:6)
  5 humans
  A vampire (D:12)
  A golden eye (Slime:5)
  A water moccasin (Lair:6)
  2 ogres (Vaults:3)
  A hornet simulacrum (D:14)
  An orc wizard (Vaults:3)
  A white imp (Depths:2)
  2 orcs
  5 briar patches (Swamp:2)
  A fire vortex (Volcano)
  14 fungi
  29 plants
  4 toadstools (Swamp:2)
  10 withered plants (Crypt:3)
88 creatures vanquished.

Grand Total: 3426 creatures vanquished

Notes
Turn   | Place    | Note
-------+----------+-------------------------------------------
     0 | D:1      | Paprika the Minotaur Monk began the quest for the Orb.
     0 | D:1      | Reached XP level 1. HP: 19/19 MP: 0/0
   781 | D:2      | Reached XP level 2. HP: 24/26 MP: 1/1
   971 | D:2      | Reached skill level 5 in Maces & Flails
   977 | D:2      | Found a shimmering altar of Xom.
  1085 | D:2      | Reached XP level 3. HP: 31/31 MP: 2/2
  1261 | D:2      | Found a stormy altar of Qazlal.
  1272 | D:2      | Found a white marble altar of Elyvilon.
  1699 | D:3      | Reached XP level 4. HP: 34/39 MP: 3/3
  2326 | D:3      | Found a hide-covered altar of Uskayaw.
  2339 | D:3      | Reached XP level 5. HP: 43/45 MP: 4/4
  2631 | D:3      | Noticed Robin
  2637 | D:3      | Killed Robin
  3184 | D:4      | Reached skill level 1 in Armour
  3252 | D:4      | Reached XP level 6. HP: 36/51 MP: 5/5
  3687 | D:4      | Got a transparent ring mail
  3749 | D:4      | Identified the +8 ring mail of Lusohu {rC+ MP-9 Str+5 Int+4} (You found it on level 4 of the Dungeon)
  3795 | D:4      | Found a shattered altar of Ashenzari.
  4181 | D:5      | Entered Level 5 of the Dungeon
  4473 | D:5      | Reached XP level 7. HP: 35/57 MP: 0/6
  4744 | D:5      | Found a radiant altar of Vehumet.
  5009 | D:5      | Reached skill level 5 in Armour
  5311 | D:6      | Found an iron altar of Okawaru.
  5318 | D:6      | Became a worshipper of Warmaster Okawaru
  5318 | D:6      | Reached * piety under Okawaru
  5318 | D:6      | Reached ** piety under Okawaru
  5396 | D:6      | Found a staircase to the Ecumenical Temple.
  5410 | D:6      | Found a sand-covered staircase.
  5414 | Ossuary  | Entered an ossuary
  5569 | Ossuary  | Reached skill level 10 in Maces & Flails
  5604 | Ossuary  | Reached XP level 8. HP: 64/64 MP: 0/7
  5812 | D:6      | Found a snail-covered altar of Cheibriados.
  5890 | D:6      | Reached skill level 1 in Invocations
  5928 | D:6      | Found a blossoming altar of Fedhas.
  5989 | D:6      | Found a basalt altar of Yredelemnul.
  6200 | D:6      | Found a shadowy altar of Dithmenos.
  6555 | D:7      | Reached *** piety under Okawaru
  6639 | D:7      | Reached XP level 9. HP: 23/70 MP: 2/11
  6919 | D:7      | Reached skill level 5 in Invocations
  6931 | D:7      | Reached **** piety under Okawaru
  7070 | D:7      | Reached skill level 5 in Fighting
  7585 | D:8      | Found an iron altar of Okawaru.
  7594 | D:8      | Noticed Da5id's ghost (novice DEEn)
  7635 | D:8      | Killed Da5id's ghost
  7790 | D:8      | Reached ***** piety under Okawaru
  7790 | D:8      | Reached skill level 1 in Spellcasting
  8217 | D:9      | Noticed a death yak
  8218 | D:9      | Noticed a death yak
  8273 | D:8      | Killed a death yak
  8273 | D:8      | Reached XP level 10. HP: 49/92 MP: 3/12
  8467 | D:9      | Noticed a death yak
  8498 | D:8      | Killed a death yak
  8498 | D:8      | Received a gift from Okawaru
  8498 | D:8      | Reached skill level 10 in Fighting
  8510 | D:8      | Identified a +2 pair of boots of running (Okawaru gifted it to you on level 8 of the Dungeon)
  8615 | D:9      | Killed a death yak
  8721 | D:9      | Gained mutation: You are robust. (+10% HP) [mutagenic meat]
  8722 | D:9      | Gained mutation: You are occasionally teleported next to monsters. [mutagenic meat]
  8723 | D:9      | Gained mutation: You are agile. (Dex +2) [mutagenic meat]
  8724 | D:9      | Lost mutation: You are agile. (Dex +2) [mutagenic meat]
  8725 | D:9      | Gained mutation: Scrolls take you a little longer to read. [mutagenic meat]
  8725 | D:9      | Gained mutation: Your flesh is cold resistant. (rC+) [potion of mutation]
  8725 | D:9      | Gained mutation: Scrolls take you longer to read. [potion of mutation]
  8725 | D:9      | Gained mutation: Your flesh is very cold resistant. (rC++) [potion of mutation]
  8866 | D:9      | Found a staircase to the Lair.
  9179 | D:9      | Found a sparkling altar of Nemelex Xobeh.
  9271 | D:9      | Noticed a two-headed ogre
  9291 | D:9      | Killed a two-headed ogre
  9291 | D:9      | Reached XP level 11. HP: 95/112 MP: 8/17
  9350 | D:9      | Reached skill level 5 in Spellcasting
  9415 | D:9      | Found an ancient bone altar of Kikubaaqudgha.
  9433 | D:9      | Received a gift from Okawaru
  9434 | D:9      | Got a scorched dire flail {god gift}
  9441 | D:9      | Identified the +7 dire flail of the Wasteland {crush, *Drain +Blink +Rage SInv} (Okawaru gifted it to you on level 9 of the Dungeon)
  9574 | D:10     | Entered Level 10 of the Dungeon
  9574 | D:10     | Noticed a two-headed ogre
  9583 | D:10     | Killed a two-headed ogre
  9729 | D:10     | Found Qoumunor's Distillery.
  9972 | D:10     | Noticed a two-headed ogre
  9983 | D:10     | Killed a two-headed ogre
 10031 | D:10     | Noticed Sonja
 10222 | D:10     | Killed Sonja
 10222 | D:10     | Reached ****** piety under Okawaru
 10360 | D:10     | Found Yngidat's General Store.
 10398 | D:10     | Found Coamaup's Assorted Antiques.
 10406 | D:10     | Found Aseroff's Distillery.
 10438 | D:10     | Found Libudd's Distillery.
 11313 | D:9      | Reached skill level 1 in Evocations
 11318 | Lair:1   | Entered Level 1 of the Lair of Beasts
 11353 | Lair:1   | Received a gift from Okawaru
 11354 | Lair:1   | Got an encrusted dire flail {god gift}
 12185 | Lair:2   | Reached XP level 12. HP: 109/121 MP: 9/18
 12458 | Lair:2   | Received a gift from Okawaru
 12464 | Lair:2   | Got an ancient quick blade {god gift}
 12603 | Lair:2   | Found a labyrinth entrance.
 12608 | Lab      | Entered a labyrinth
 12774 | Lab      | Identified the +5 dire flail "Loopy" {freeze, *Drain +Inv Dex+4 Stlth+} (Okawaru gifted it to you on level 1 of the Lair of Beasts)
 12776 | Lab      | Identified the +8 quick blade of Paprika's True Grit {drain, Int+2} (Okawaru gifted it to you on level 2 of the Lair of Beasts)
 14294 | Lab      | Noticed a minotaur
 14304 | Lab      | Killed a minotaur
 14304 | Lab      | Reached skill level 5 in Evocations
 14316 | Lab      | Identified the Disquisition on Fire and Orientation
 14319 | Lab      | Gained mutation: You can translocate small distances at will. [potion of mutation]
 14319 | Lab      | Gained mutation: Your body sometimes deteriorates upon taking damage. [potion of mutation]
 14574 | Lair:2   | You fall through a shaft for 2 floors!
 14598 | Lair:3   | Found a dark tunnel.
 14612 | Volcano  | Entered a volcano
 14775 | Volcano  | Received a gift from Okawaru
 15008 | Lair:3   | Found a staircase to the Swamp.
 15009 | Lair:3   | Noticed a seven-headed hydra
 15018 | Lair:3   | Killed a seven-headed hydra
 15448 | Lair:3   | Found a hole to the Spider Nest.
 15760 | Lair:3   | Received a gift from Okawaru
 15803 | Lair:3   | Reached skill level 10 in Armour
 17057 | Lair:4   | Reached XP level 13. HP: 127/127 MP: 10/19
 17264 | Lair:4   | Got a transparent quarterstaff
 17531 | Lair:4   | You fall through a shaft for 2 floors!
 17531 | Lair:6   | Entered Level 6 of the Lair of Beasts
 17694 | Lair:6   | Noticed Kirke
 17706 | Lair:6   | Killed Kirke
 17815 | Lair:6   | Received a gift from Okawaru
 19408 | Lair:5   | Found a runed door.
 19441 | Lair:5   | Reached XP level 14. HP: 106/145 MP: 11/20
 19713 | Lair:5   | Found a viscous altar of Jiyva.
 19713 | Lair:5   | Noticed an acid blob
 19987 | Lair:5   | Received a gift from Okawaru
 19998 | Lair:5   | Reached skill level 15 in Maces & Flails
 20209 | Lair:5   | Found a staircase to the Slime Pits.
 20276 | Lair:5   | Killed an acid blob
 21298 | Lair:6   | Reached skill level 15 in Fighting
 21306 | Lair:6   | Received a gift from Okawaru
 21310 | Lair:6   | Reached skill level 5 in Dodging
 21516 | Lair:6   | Received a gift from Okawaru
 22306 | Lair:6   | Got a pair of ichor-stained boots
 22317 | Lair:6   | Identified the +2 pair of boots "Adiremid" {rC+} (You found it on level 6 of the Lair of Beasts)
 22780 | D:10     | Bought 2 potions of cure mutation for 600 gold pieces
 22806 | D:10     | Lost mutation: You are robust. (+10% HP) [potion of cure mutation]
 22806 | D:10     | Lost mutation: You can translocate small distances at will. [potion of cure mutation]
 22806 | D:10     | Lost mutation: Your flesh is very cold resistant. (rC++) [potion of cure mutation]
 22807 | D:10     | Lost mutation: Your body sometimes deteriorates upon taking damage. [potion of cure mutation]
 22807 | D:10     | Lost mutation: You are occasionally teleported next to monsters. [potion of cure mutation]
 22807 | D:10     | Lost mutation: Scrolls take you longer to read. [potion of cure mutation]
 22807 | D:10     | Lost mutation: Scrolls take you a little longer to read. [potion of cure mutation]
 22850 | D:11     | Found a staircase to the Orcish Mines.
 23950 | D:12     | Reached XP level 15. HP: 144/144 MP: 12/21
 24385 | D:13     | Noticed a fire giant
 24404 | D:13     | Killed a fire giant
 24470 | D:13     | Got a sparkling turquoise ring
 24472 | D:13     | Identified the ring "Ceupp" {Wiz +Fly rElec} (You found it on level 13 of the Dungeon)
 24636 | D:13     | Noticed a sphinx
 24640 | D:13     | Noticed a frost giant
 24647 | D:13     | Received a gift from Okawaru
 25051 | D:13     | Killed a frost giant
 25415 | D:13     | Killed a sphinx
 26071 | D:13     | Received a gift from Okawaru
 26414 | D:13     | Reached skill level 15 in Armour
 26543 | D:9      | Learned a level 2 spell: Repel Missiles
 26551 | D:9      | Identified the +7 quarterstaff "Akaazig" {crush, rPois Str-5 Dex+2} (You found it on level 4 of the Lair of Beasts)
 26863 | D:13     | Found a stormy altar of Qazlal.
 26967 | D:14     | Found a gate to the Vaults.
 26967 | D:14     | Noticed Rupert
 26967 | D:14     | Noticed Urug
 27014 | D:13     | Killed Rupert
 27294 | D:14     | Killed Urug
 27353 | D:14     | Found a flagged portal.
 27478 | Bailey   | Entered a bailey
 27497 | Bailey   | Noticed crawlcharacter's ghost (journeyman MiBe)
 27613 | Bailey   | Killed crawlcharacter's ghost
 27613 | Bailey   | Received a gift from Okawaru
 27613 | Bailey   | Reached XP level 16. HP: 144/151 MP: 11/23
 27635 | Bailey   | Got a faintly glowing dire flail {god gift}
 27636 | Bailey   | Identified the +1 dire flail of Soleacvi {protect, rF+ rN+ MR+} (Okawaru gifted it to you in a bailey)
 27700 | Bailey   | Noticed Mythica's ghost (novice MiFi)
 27708 | Bailey   | Killed Mythica's ghost
 27985 | D:14     | Reached XP level 17. HP: 158/158 MP: 14/26
 28028 | D:14     | Noticed Piginabag's ghost (journeyman DsWn)
 28046 | D:14     | Killed Piginabag's ghost
 28063 | D:14     | Got a slimy hand crossbow
 28064 | D:14     | Identified the +5 hand crossbow "Visch" {penet, rF+} (You found it on level 14 of the Dungeon)
 28156 | D:14     | Noticed Roxanne
 28176 | D:14     | Killed Roxanne
 28494 | D:14     | Reached skill level 10 in Evocations
 28616 | D:12     | Gained mutation: You passively map a small area around you. [mutagenic meat]
 28617 | D:12     | Gained mutation: You tend to lose your temper in combat. [mutagenic meat]
 28618 | D:12     | Lost mutation: You tend to lose your temper in combat. [mutagenic meat]
 28619 | D:12     | Gained mutation: Potions are less effective at restoring your health. [mutagenic meat]
 28620 | D:12     | Gained mutation: Your mind is acute. (Int +2) [mutagenic meat]
 28621 | D:12     | Gained mutation: You have an increased reservoir of magic. (+10% MP) [mutagenic meat]
 28910 | D:15     | Entered Level 15 of the Dungeon
 29490 | D:15     | Received a gift from Okawaru
 29491 | D:15     | Got an encrusted great mace {god gift}
 29492 | D:15     | Identified the +7 great mace "Cibener" {flame, Int+2} (Okawaru gifted it to you on level 15 of the Dungeon)
 29605 | D:15     | Found a staircase to the Depths.
 29610 | D:15     | Lost mutation: Potions are less effective at restoring your health. [mutagenic meat]
 29612 | D:15     | Lost mutation: You have an increased reservoir of magic. (+10% MP) [mutagenic meat]
 29613 | D:15     | Gained mutation: You have large cloven feet. [mutagenic meat]
 29614 | D:15     | Gained mutation: You have hoof-like feet. [mutagenic meat]
 29848 | Orc:1    | Entered Level 1 of the Orcish Mines
 30018 | Orc:2    | Entered Level 2 of the Orcish Mines
 30137 | Orc:2    | Found Seck's Jewellery Shoppe.
 30145 | Orc:2    | Found a staircase to the Elven Halls.
 30256 | Orc:2    | Found a roughly hewn altar of Beogh.
 30456 | Orc:2    | Found a roughly hewn altar of Beogh.
 30463 | Orc:2    | Found Heda Ont's Gadget Boutique.
 30510 | Orc:2    | Found a roughly hewn altar of Beogh.
 30655 | Orc:2    | Found a roughly hewn altar of Beogh.
 30849 | Orc:2    | Found Opevett's Antique Armour Shop.
 30850 | Orc:2    | Found a roughly hewn altar of Beogh.
 30851 | Orc:2    | Found Fonaoppo's Antique Weapon Boutique.
 31146 | Orc:2    | Found a roughly hewn altar of Beogh.
 31181 | Orc:2    | Found Wifao's Jewellery Shoppe.
 31325 | Orc:1    | Found Durymm's Jewellery Boutique.
 31551 | Orc:2    | Bought the ring of Keuxt {rPois rF+ MP-9 AC+5} for 951 gold pieces
 31598 | Orc:2    | Bought a spiked chain mail for 275 gold pieces
 31608 | Orc:2    | Identified the +7 chain mail of Gahimool {Str+3} (You bought it in a shop on level 2 of the Orcish Mines)
 31902 | Swamp:1  | Entered Level 1 of the Swamp
 31910 | Swamp:1  | Received a gift from Okawaru
 32554 | Swamp:1  | Gained mutation: You are weak. (Str -2) [mutagenic meat]
 32555 | Swamp:1  | Lost mutation: You are weak. (Str -2) [mutagenic meat]
 32556 | Swamp:1  | Gained mutation: You are frail. (-10% HP) [mutagenic meat]
 32557 | Swamp:1  | Gained mutation: You are agile. (Dex +2) [mutagenic meat]
 32558 | Swamp:1  | Gained mutation: Your mind is very acute. (Int +4) [mutagenic meat]
 32559 | Swamp:1  | Gained mutation: You are very agile. (Dex +4) [mutagenic meat]
 32568 | Swamp:1  | Lost mutation: You are frail. (-10% HP) [mutagenic meat]
 32569 | Swamp:1  | Gained mutation: You have hooves in place of feet. [mutagenic meat]
 32570 | Swamp:1  | Gained mutation: Your body sometimes deteriorates upon taking damage. [mutagenic meat]
 34251 | Swamp:3  | Reached skill level 1 in Crossbows
 34313 | Swamp:3  | Reached skill level 1 in Charms
 34368 | Swamp:3  | Reached skill level 2 in Crossbows
 34712 | Swamp:3  | Got a twisted arbalest
 34713 | Swamp:3  | Identified the +3 arbalest "Poshomex" {speed, rPois} (You found it on level 3 of the Swamp)
 34990 | Swamp:3  | Reached XP level 18. HP: 168/168 MP: 18/27
 35158 | Swamp:3  | Reached skill level 3 in Crossbows
 35161 | Swamp:3  | Gained mutation: You possess an exceptional clarity of mind. [potion of beneficial mutation]
 35455 | Swamp:3  | Gained mutation: You are resistant to hostile enchantments. (MR+) [mutagenic meat]
 35456 | Swamp:3  | Lost mutation: Your body sometimes deteriorates upon taking damage. [mutagenic meat]
 35460 | Swamp:3  | Gained mutation: You are partially covered in thin metallic scales. (AC +2) [mutagenic meat]
 35647 | Swamp:4  | Entered Level 4 of the Swamp
 35655 | Swamp:4  | Reached skill level 4 in Crossbows
 35780 | Swamp:4  | Received a gift from Okawaru
 36333 | Swamp:4  | Received a gift from Okawaru
 36774 | Swamp:4  | Received a gift from Okawaru
 36775 | Swamp:4  | Got a twisted robe {god gift}
 36987 | Swamp:4  | Got a decaying rune of Zot
 37397 | Spider:1 | Entered Level 1 of the Spider Nest
 37405 | Spider:1 | Reached skill level 10 in Dodging
 39321 | Spider:2 | Gained mutation: You are partially covered in molten scales. (AC +2) [mutagenic meat]
 39616 | Spider:3 | Received a gift from Okawaru
 39879 | Spider:3 | Reached skill level 5 in Charms
 41072 | Spider:4 | Entered Level 4 of the Spider Nest
 41104 | Spider:4 | Reached XP level 19. HP: 167/177 MP: 19/28
 42528 | Spider:4 | Received a gift from Okawaru
 42903 | Spider:4 | Gained mutation: You are partially covered in rugged brown scales. (AC +1, +3% HP) [mutagenic meat]
 43223 | Spider:4 | Received a gift from Okawaru
 43676 | Spider:4 | Got a gossamer rune of Zot
 44352 | Orc:2    | Bought a runed cloak for 304 gold pieces
 44559 | Depths:1 | Entered Level 1 of the Depths
 44613 | Depths:1 | Received a gift from Okawaru
 44619 | Depths:1 | Got a jewelled cloak {god gift}
 44794 | Depths:1 | Identified the +1 cloak of the Fifty Moons {MR- Str+8 Slay-3} (Okawaru gifted it to you on level 1 of the Depths)
 44917 | Depths:1 | Found Ceuprawate's Gadget Shoppe.
 46056 | Depths:1 | Found a gateway to Hell.
 46807 | Depths:2 | Found a gateway to a bazaar.
 46815 | Bazaar   | Entered a bazaar
 46823 | Bazaar   | Found Aliec's Magic Scroll Shop.
 46828 | Bazaar   | Found Gegitrik's Antique Armour Emporium.
 46838 | Bazaar   | Found Pianobro's Weapon Shop.
 46872 | Bazaar   | Found Dosol's Armour Boutique.
 46987 | Depths:2 | Lost mutation: You are partially covered in thin metallic scales. (AC +2) [mutagenic meat]
 47508 | Depths:2 | Noticed Bai Suzhen
 47509 | Depths:2 | Received a gift from Okawaru
 47684 | Depths:2 | Killed Bai Suzhen
 47684 | Depths:2 | Reached XP level 20. HP: 97/194 MP: 12/29
 48208 | Depths:2 | Learned a level 4 spell: Animate Dead
 48404 | Depths:2 | Reached skill level 1 in Necromancy
 48576 | Depths:2 | Received a gift from Okawaru
 48709 | Depths:2 | Got a pitted triple crossbow {god gift}
 48710 | Depths:2 | Identified the +5 triple crossbow "Rese" {freeze, MR++ Str+3} (Okawaru gifted it to you on level 2 of the Depths)
 48842 | Depths:2 | Reached skill level 5 in Crossbows
 48879 | Depths:2 | Gained mutation: You are covered in fur. (AC +1) [potion of beneficial mutation]
 49304 | Vaults:1 | Entered Level 1 of the Vaults
 49631 | Vaults:1 | Noticed Aizul
 49640 | Vaults:1 | Killed Aizul
 49964 | Vaults:1 | Reached skill level 6 in Crossbows
 50289 | Vaults:1 | Reached skill level 7 in Crossbows
 50371 | Vaults:1 | Received a gift from Okawaru
 50588 | Temple   | Entered the Ecumenical Temple
 50612 | Temple   | Fell from the grace of Okawaru
 50612 | Temple   | Became a worshipper of the Shining One
 50901 | Vaults:1 | Reached skill level 8 in Crossbows
 51275 | Vaults:1 | Reached skill level 9 in Crossbows
 51283 | Vaults:1 | Reached * piety under the Shining One
 51442 | Vaults:1 | Reached skill level 10 in Crossbows
 52477 | Vaults:2 | Reached ** piety under the Shining One
 52490 | Vaults:2 | Reached skill level 11 in Crossbows
 53016 | Vaults:2 | Reached skill level 12 in Crossbows
 53574 | Vaults:2 | Reached XP level 21. HP: 116/203 MP: 21/30
 53909 | Vaults:2 | Reached *** piety under the Shining One
 53958 | Vaults:2 | Found a staircase to the Crypt.
 54008 | Vaults:2 | Reached skill level 13 in Crossbows
 54643 | Vaults:2 | Reached skill level 14 in Crossbows
 54826 | Vaults:2 | Found Foiptoh's Assorted Antiques.
 55768 | Vaults:2 | Reached **** piety under the Shining One
 56078 | Vaults:2 | Reached skill level 15 in Crossbows
 57088 | Vaults:3 | Reached skill level 16 in Crossbows
 57118 | Vaults:3 | Reached ***** piety under the Shining One
 58313 | Vaults:3 | Reached skill level 17 in Crossbows
 59360 | Vaults:3 | Reached XP level 22. HP: 207/210 MP: 22/31
 59446 | Vaults:3 | Reached skill level 18 in Crossbows
 59869 | Vaults:3 | Was forgiven by Okawaru
 61034 | Vaults:4 | Reached ****** piety under the Shining One
 61133 | Vaults:4 | Reached skill level 10 in Invocations
 61637 | Vaults:4 | Found Vago's Food Emporium.
 63092 | Vaults:5 | Entered Level 5 of the Vaults
 63311 | Elf:1    | Entered Level 1 of the Elven Halls
 63400 | Elf:1    | Found Wairool's Armour Boutique.
 63559 | D:9      | Identified 2 scrolls of acquirement
 63567 | D:9      | Got a brightly glowing hat
 63579 | D:9      | Identified the +1 hat of the Bagpipe {+Fly rC+} (You acquired it on level 9 of the Dungeon)
 63806 | Hell     | Entered the Vestibule of Hell
 63806 | Hell     | Noticed Geryon
 64396 | Elf:1    | Reached skill level 19 in Crossbows
 65649 | Elf:2    | Found Geshre's Distillery.
 65664 | Elf:2    | Bought a potion of heal wounds for 95 gold pieces
 65664 | Elf:2    | Bought a potion of heal wounds for 95 gold pieces
 65664 | Elf:2    | Bought a potion of might for 76 gold pieces
 65664 | Elf:2    | Bought a potion of haste for 190 gold pieces
 65736 | Elf:2    | Reached XP level 23. HP: 218/218 MP: 23/32
 65806 | Elf:2    | Reached skill level 20 in Crossbows
 66157 | Elf:2    | Found a huge runed gate.
 66157 | Elf:2    | Found a huge runed gate.
 66157 | Elf:2    | Found a huge runed gate.
 66159 | Elf:2    | Found a huge runed gate.
 66160 | Elf:2    | Found a huge runed gate.
 66933 | Elf:3    | Entered Level 3 of the Elven Halls
 66970 | Elf:3    | Reached skill level 21 in Crossbows
 66987 | Elf:3    | Found Zuijog's Antique Armour Boutique.
 66987 | Elf:3    | Found Wuiffal's Food Shop.
 67001 | Elf:3    | Found Iclil's General Store.
 67123 | Elf:3    | Found a flickering gateway to a bazaar.
 67129 | Bazaar   | Entered a bazaar
 67129 | Bazaar   | Found Lafa's Antique Weapon Shop.
 67286 | Bazaar   | Found Lenirewn's Antique Armour Shop.
 67313 | Bazaar   | Found Joxky's Distillery.
 67321 | Bazaar   | Bought a potion of heal wounds for 90 gold pieces
 67362 | Elf:3    | Found Vairghoc's General Store.
 67362 | Elf:3    | Found Deelatuxt's Antique Armour Shop.
 67384 | Elf:3    | Bought a scroll of teleportation for 45 gold pieces
 67559 | Elf:3    | Bought a pair of steaming gloves for 342 gold pieces
 67559 | Elf:3    | Identified the +2 pair of gloves "Gastaz" {rPois rN+ Int+4 Dex-5} (You bought it in a shop on level 3 of the Elven Halls)
 67820 | Elf:3    | Got a vibrating tin ring
 67856 | Elf:3    | Reached skill level 22 in Crossbows
 68138 | Elf:3    | Identified the ring of New Discoveries {rCorr +Fly rF- Str+2 SInv} (You took it off a deep elf master archer on level 3 of the Elven Halls)
 68164 | Elf:3    | Gained mutation: You are surrounded by a mild repulsion field. (EV +2) [potion of beneficial mutation]
 68200 | Elf:3    | Identified Sif Muna's Volume of Calling and Good Luck
 68331 | Elf:3    | Noticed Frances
 68336 | Elf:3    | Killed Frances
 68345 | Elf:3    | Gained mutation: Your muscles are strong. (Str +2) [potion of beneficial mutation]
 68361 | Elf:3    | Noticed Agnes
 68369 | Elf:3    | Killed Agnes
 69315 | Slime:1  | Entered Level 1 of the Pits of Slime
 69679 | Slime:1  | Gained mutation: Your body sometimes deteriorates upon taking damage. [a shining eye]
 69689 | Slime:1  | Lost mutation: You are very agile. (Dex +4) [a shining eye]
 69697 | Slime:1  | Lost mutation: Your mind is very acute. (Int +4) [a shining eye]
 69706 | Slime:1  | Gained mutation: Armour fits poorly on your strangely shaped body. [a shining eye]
 69707 | Slime:1  | Lost mutation: You possess an exceptional clarity of mind. [a shining eye]
 69708 | Slime:1  | Lost mutation: You are resistant to hostile enchantments. (MR+) [a shining eye]
 69715 | Slime:1  | Gained mutation: Your magical capacity is low. (-10% MP) [a shining eye]
 70285 | Slime:2  | Reached skill level 23 in Crossbows
 71280 | Slime:3  | Lost mutation: Your body sometimes deteriorates upon taking damage. [a shining eye]
 71281 | Slime:3  | Reached XP level 24. HP: 226/226 MP: 20/29
 71899 | Slime:3  | Upgraded the game from 0.20-a0-443-g0464b71 to 0.20-a0-449-g96be121
 72082 | Slime:4  | Gained mutation: Your body sometimes deteriorates upon taking damage. [a shining eye]
 72150 | Slime:4  | Gained mutation: Your body often deteriorates upon taking damage. [a shining eye]
 72335 | Slime:5  | Entered Level 5 of the Pits of Slime
 72450 | Slime:5  | Gained mutation: You tend to lose your temper in combat. [a shining eye]
 72451 | Slime:5  | Gained mutation: You regenerate slowly when monsters are visible. [a shining eye]
 73298 | Slime:5  | Noticed the Royal Jelly
 73473 | Slime:5  | Lost mutation: Your muscles are strong. (Str +2) [a shining eye]
 73954 | Slime:5  | Found a viscous altar of Jiyva.
 74362 | Slime:5  | Killed the Royal Jelly
 74362 | Slime:5  | Reached skill level 24 in Crossbows
 74380 | Slime:5  | Got a slimy rune of Zot
 74491 | Slime:5  | Lost mutation: You tend to lose your temper in combat. [potion of mutation]
 74491 | Slime:5  | Lost mutation: You are surrounded by a mild repulsion field. (EV +2) [potion of mutation]
 74511 | Slime:5  | Got a crystal scythe
 74512 | Slime:5  | Identified the +5 scythe of Fisuuwaq {drain, rC- Int+5} (You found it on level 5 of the Pits of Slime)
 74526 | Slime:5  | Got a bloodstained mace
 74527 | Slime:5  | Identified the +6 mace of Ashryimo {pain, +Rage +Inv rElec rF-} (You found it on level 5 of the Pits of Slime)
 76283 | Orc:2    | Bought the ring of New Discoveries {+Fly MP+9 Str+4 Dex+5} for 564 gold pieces
 76879 | Depths:3 | Noticed Mennas
 76927 | Depths:2 | Killed Mennas
 77493 | Depths:3 | Found a one-way gate leading to the halls of Pandemonium.
 78571 | Depths:3 | Reached XP level 25. HP: 228/233 MP: 29/29
 78686 | Depths:3 | Reached skill level 25 in Crossbows
 79315 | Depths:3 | Identified Duaqusad's Handbook of Battle Magic
 79980 | D:9      | Learned a level 2 spell: Shroud of Golubria
 79984 | D:9      | Learned a level 3 spell: Portal Projectile
 80150 | Crypt:1  | Entered Level 1 of the Crypt
 81959 | Depths:4 | Identified the cursed +0 plate armour of Defence {Regen+ Str+5 Int-4 Dex+2} (You found it on level 4 of the Depths)
 82044 | Depths:4 | Reached skill level 1 in Translocations
 82393 | Depths:4 | Noticed Jorgrun
 82393 | Depths:4 | Reached skill level 26 in Crossbows
 82405 | Depths:4 | Killed Jorgrun
 82716 | Depths:4 | Lost mutation: You passively map a small area around you. [mutagenic meat]
 82718 | Depths:4 | Gained mutation: Your flesh is heat resistant. (rF+) [mutagenic meat]
 82842 | Depths:4 | Reached XP level 26. HP: 205/247 MP: 29/29
 83080 | Depths:4 | Noticed Louise
 83084 | Depths:4 | Killed Louise
 83084 | Depths:4 | Reached skill level 5 in Translocations
 83099 | Depths:4 | Found a one-way gate to the infinite horrors of the Abyss.
 83663 | Depths:4 | Lost mutation: Your flesh is cold resistant. (rC+) [mutagenic meat]
 83667 | Depths:4 | Lost mutation: You are agile. (Dex +2) [mutagenic meat]
 83672 | Depths:4 | Lost mutation: Your body often deteriorates upon taking damage. [mutagenic meat]
 83673 | Depths:4 | Lost mutation: Armour fits poorly on your strangely shaped body. [mutagenic meat]
 83674 | Depths:4 | Gained mutation: You are robust. (+10% HP) [mutagenic meat]
 83681 | Depths:4 | Gained mutation: Your mind is very acute. (Int +4) [mutagenic meat]
 83684 | Depths:4 | Lost mutation: Your body sometimes deteriorates upon taking damage. [mutagenic meat]
 83728 | Depths:5 | Entered Level 5 of the Depths
 84154 | Depths:5 | Found a gate to the Realm of Zot.
 84613 | Depths:5 | Found a gateway to a ziggurat.
 87213 | Vaults:5 | Noticed Xtahua
 87221 | Vaults:5 | Killed Xtahua
 87361 | Vaults:5 | Reached XP level 27. HP: 279/282 MP: 29/29
 87456 | Vaults:5 | Reached skill level 10 in Translocations
 87594 | Vaults:5 | Noticed Mara
 87621 | Vaults:5 | Killed Mara
 87793 | Vaults:5 | Noticed Sojobo
 87879 | Vaults:5 | Killed Sojobo
 88402 | Vaults:5 | Identified the Handbook of Hurtful Illusion
 88426 | Vaults:5 | Got a silver rune of Zot
 88479 | Vaults:5 | Learned a level 2 spell: Song of Slaying
 89020 | Vaults:5 | Identified the Handbook of the Supportive Birds
 89227 | Vaults:5 | Got a heavily runed pewter ring
 89228 | Vaults:5 | Identified the ring of Nuria {rC+ rN++} (You took it off a deep elf high priest on level 5 of the Vaults)
 89542 | Vaults:5 | Identified the Guide on Toxic Aid
 90401 | Crypt:1  | Reached skill level 1 in Polearms
 90871 | Crypt:1  | Reached skill level 5 in Polearms
 91002 | Crypt:1  | Found a basalt altar of Yredelemnul.
 91046 | Crypt:1  | Got an ancient cloak
 91057 | Crypt:1  | Identified the +2 cloak of Veozxeh {-Tele Str+4 Dex+4} (You found it on level 1 of the Crypt)
 91623 | Crypt:2  | Upgraded the game from 0.20-a0-449-g96be121 to 0.20-a0-493-g19c8d8d
 92506 | Crypt:3  | Entered Level 3 of the Crypt
 92666 | Crypt:3  | Identified the cursed +1 arbalest "Qouwna" {freeze, Int+2} (You found it on level 3 of the Crypt)
 93089 | Crypt:3  | Reached skill level 10 in Polearms
 93144 | Crypt:3  | Found a basalt altar of Yredelemnul.
 93941 | Crypt:3  | Identified the Collected Works on the Toxic Mountains
 94206 | Crypt:3  | Found a staircase to the Tomb.
 95122 | D:9      | Learned a level 1 spell: Infusion
 95532 | Zot:1    | Entered Level 1 of the Realm of Zot
 98049 | Zot:2    | Noticed an orb of fire
 98069 | Zot:2    | Gained mutation: Your spells are a little easier to cast, but a little less powerful. [an orb of fire]
 98072 | Zot:2    | Gained mutation: Your spells are easier to cast, but less powerful. [an orb of fire]
 98073 | Zot:2    | Gained mutation: Your magical capacity is very low. (-20% MP) [an orb of fire]
 98077 | Zot:2    | Killed an orb of fire
101053 | Zot:5    | Entered Level 5 of the Realm of Zot
101239 | Zot:5    | Reached skill level 15 in Dodging
101648 | Zot:5    | Noticed an ancient lich
101663 | Zot:5    | Killed an ancient lich
101956 | Zot:5    | Noticed an ancient lich
101956 | Zot:5    | Noticed an ancient lich
101959 | Zot:5    | Noticed an ancient lich
101967 | Zot:5    | Noticed an orb of fire
101969 | Zot:5    | Killed an ancient lich
101978 | Zot:5    | Killed an ancient lich
101987 | Zot:5    | Lost mutation: You are robust. (+10% HP) [an orb of fire]
101995 | Zot:5    | Killed an orb of fire
101999 | Zot:5    | Killed an ancient lich
102050 | Zot:5    | Noticed an ancient lich
102056 | Zot:5    | Killed an ancient lich
102080 | Zot:5    | Noticed an ancient lich
102090 | Zot:5    | Killed an ancient lich
102102 | Zot:5    | Noticed an orb of fire
102109 | Zot:5    | Killed an orb of fire
102142 | Zot:5    | Reached skill level 15 in Invocations
102170 | Zot:5    | Noticed an ancient lich
102180 | Zot:5    | Killed an ancient lich
102238 | Zot:5    | Noticed an orb of fire
102248 | Zot:5    | Noticed an orb of fire
102253 | Zot:5    | Killed an orb of fire
102264 | Zot:5    | HP: 12/273 [purple draconian/dire flail (18)]
102265 | Zot:5    | Slain by an Orb Guardian

Vault maps used:
D:1:      minmay_arrival_open_corners
D:2:      tgw_xom, amethyst_overflow_temple_binary
D:3:      kennysheep_goblin_castle, lemuel_doored_altar
D:4:      nicolae_overflow_crystal_walls, first_bread, kennysheep_small_circle
D:5:      vehumet_altar_wand_db
D:6:      lemuel_round_altar, okawaru_gym_becter, old_standard_altar,
          kennysheep_mini_moat, enter_ossuary_5, basic_altar
D:8:      basic_altar, the_bakery
D:9:      marbit_many_paths, lemuel_mausoleum_altar_kikubaaqudgha,
          dpeg_lair_monsters
D:10:     serial_shops, shop_fountains, shop, shop_statue, shop_fountains,
          shop_statue, uniq_sonja
D:13:     basic_altar, minmay_the_grid_net
D:14:     david_vaults_3, enter_bailey_8, uniq_roxanne
D:15:     gammafunk_enter_depths_forms, grunt_decor_arrowhead
Temple:   jpeg_temple_island
Lair:1:   grunt_forest_stairs_basic, grunt_megastairs_5, lemuel_fruit_fields
Lair:2:   lab_entry_generic
Lair:3:   minmay_swamp_entry_reptiles, spider_nest_entry_funnel_web,
          nicolae_volcano_entry_lava_flow, lemuel_fruit_tree,
          lemuel_fruit_fields
Lair:4:   beast_lair_carwin_5, serial_bayou_shore_a
Lair:5:   slime_altar_2, minmay_lair_oklob_chamber
Lair:6:   guppyfry_lair_end_dragon, hangedman_lair_in_review,
          infiniplex_staircase_pool, uniq_kirke
Swamp:1:  evilmike_swamp_ruin_house_1, swamp_pool5
Swamp:2:  cheibrodos_swamp_tower_of_moss, evilmike_swamp_ruin_rubble_2,
          swamp_pool2
Swamp:3:  cheibrodos_swamp_heart_of_darkness, nicolae_swamp_very_dense_foliage,
          infiniplex_staircase_pool_2
Swamp:4:  swamp, swamp_pool2
Spider:1: spider_trap, nicolae_spider_circle_web
Spider:2: nicolae_spider_webbed_stairs
Spider:3: nicolae_spider_mines_1, minivault_29
Spider:4: spider_rune_water, spider_trap
Slime:2:  nicolae_slime_barrier
Orc:1:    serial_shops, shop
Orc:2:    grunt_orc_community_town_hall, grunt_orc_community_big_house_2,
          grunt_orc_community_big_house_2, grunt_orc_community_house_3,
          grunt_orc_community_house_2, grunt_orc_community_house_3,
          grunt_orc_community_house_3, grunt_orc_community_house_2,
          grunt_orc_community_house_2, serial_shops, shop
Elf:1:    minmay_roctagon, serial_shops, nicolae_shop_statue_plus,
          evilmike_minifort, grunt_ministairs_11, spider_trap,
          kennysheep_underground_church
Elf:2:    serial_shops, nicolae_shop_crystal, hangedman_elf_disciples
Elf:3:    minmay_elf_hall_curves, serial_shops, bzr_entry_water,
          nicolae_shop_behind_doors, sword_in_stone, minmay_shoptagon
Vaults:1: vaults_room_grid, ontoclasm_vaults_hangar, hangedman_vaults_cutoff,
          hangedman_vaults_slice, nicolae_vaults_shelves_hall,
          nicolae_vaults_specimen_jars, vaults_room_door_ring,
          hangedman_vaults_maws, uniq_aizul
Vaults:2: st_cells, minmay_crypt_entry_simple_round, hangedman_vaults_locks,
          vaults_room_door_hall, nicolae_vaults_network_quinsquares, v_misc_25,
          vaults_room_pools, nicolae_vaults_circle_grid_b, v_alt_pattern_1,
          hangedman_vaults_unwind, nicolae_vaults_little_squares_3,
          dpeg_vaults_monster_row, ontoclasm_vaults_fault, nicolae_vaults_theta,
          v_misc_11, serial_shops, nicolae_shop_behind_doors
Vaults:3: nicolae_vaults_border_crossing, nicolae_vaults_little_ls,
          nicolae_vaults_shelves_hall, nicolae_vaults_twisting_passages,
          vaults_standard_mumra_x, nicolae_vaults_little_squares_6,
          vaults_room_fours, ontoclasm_vaults_spin, vaults_room_guarded_vault,
          nicolae_vaults_little_squares_6
Vaults:4: nicolae_vaults_little_squares_3, grunt_vaults_swirl,
          hangedman_vaults_nails, vaults_mumra_chevron, stair_cage_open,
          v_misc_12, vaults_room_door_ring, v_rooms_2, v_misc_18,
          hangedman_vaults_snaps, grunt_vaults_hallway_short, serial_shops, shop
Vaults:5: uniq_xtahua, uniq_mara, uniq_sojobo
Crypt:1:  gammafunk_crypt_yreds_forest, minmay_strange_pillars
Crypt:3:  evilmike_haunted_forest
Depths:1: hell_entry, serial_shops, nicolae_shop_stone,
          kennysheep_pointless_box, minmay_liquid_box, kennysheep_generic_room_4
Depths:2: hangedman_screamer, grunt_hell_entry_demonic_statue, minivault_11,
          serial_shops, statue_bzr, uniq_bai_suzhen
Depths:3: grunt_runaround, pan_entry, hell_entry, uniq_mennas
Depths:4: minmay_three_patterns, serial_sigils_hangedman_leer,
          nicolae_abyss_entry_one_way_or_another, hell_entry, special_room,
          grunt_megastairs_4, infiniplex_staircase_trident, uniq_jorgrun
Depths:5: grunt_zot_entry_tricorne, enter_ziggurat_f,
          pf_vacation_house_of_asmodeus, minmay_misc_feat_doors,
          serial_bayou_shore_b
Lab:      labyrinth_spiral, nicolae_lab_grate_2, nicolae_lab_hexagon,
          labyrinth_skeletal_remains
Bazaar:   bazaar_kb_twisted_cavern, bazaar_jpeg_cross
Ossuary:  ossuary_tomb_1
Bailey:   bailey_axe_2, bailey
Volcano:  volcano_aerie

Skill      XL: |  1  2  3  4  5  6  7  8  9 10 11 12 13 14 15 16 17 18 19 20 21 22 23 24 25 26 27 |
---------------+----------------------------------------------------------------------------------+-----
Maces & Flails | 4 5 6 7 8 10 11 12 14 15 16 20 | 20.0
Armour         | 2 4 5 7 8 10 12 15 17 19 20 24 | 24.0
Invocations    | 4 5 7 8 12 14 15 | 15.4
Fighting       | 9 11 14 16 17 18 19 20 21 25 | 25.0
Spellcasting   | 2 4 5 7 |  7.1
Evocations     | 3 8 9 10 11 12 13 | 13.2
Dodging        | 8 10 17 | 17.8
Crossbows      | 2 4 12 17 19 23 24 26 | 26.2
Charms         | 1 6 7 8 |  8.7
Stealth        | 3 |  3.0
Necromancy     | 3 |  3.1
Translocations | 4 9 11 | 11.9
Polearms       | 14 | 14.0

Action                   |  1- 3 |  4- 6 |  7- 9 | 10-12 | 13-15 | 16-18 | 19-21 | 22-24 | 25-27 || total
-------------------------+-------+-------+-------+-------+-------+-------+-------+-------+-------++-------
Melee: Mace              |    62 |     5 |       |       |       |       |       |       |       ||    67
       Headbutt          |    10 |    38 |    93 |   170 |   292 |   350 |   648 |   310 |   462 ||  2373
       Flail             |       |    51 |       |       |       |       |       |       |       ||    51
       Whip              |       |   157 |   391 |   264 |       |       |       |       |       ||   812
       Dire flail        |       |       |       |   368 |   884 |   214 |       |       |       ||  1466
       Great mace        |       |       |       |       |       |  1121 |  1826 |   830 |   845 ||  4622
       Kick              |       |       |       |       |       |   325 |   974 |   415 |   692 ||  2406
       Trishula          |       |       |       |       |       |       |       |       |   399 ||   399
 Fire: Hand crossbow     |       |       |       |       |       |    11 |       |       |       ||    11
       Triple crossbow   |       |       |       |       |       |       |   113 |   809 |  1619 ||  2541
Throw: Tomahawk          |       |    12 |    46 |    43 |       |       |       |       |       ||   101
 Cast: Portal Projectile |       |       |       |       |       |       |       |       |    15 ||    15
       Song of Slaying   |       |       |       |       |       |       |       |       |     7 ||     7
       Shroud of Golubri |       |       |       |       |       |       |       |       |     2 ||     2
Invok: Heroism           |       |       |     1 |     2 |     7 |     6 |     6 |       |       ||    22
       Finesse           |       |       |       |     1 |     9 |     5 |     4 |       |       ||    19
       Divine Shield     |       |       |       |       |       |       |     5 |     3 |    12 ||    20
       Summon Divine War |       |       |       |       |       |       |       |     1 |    16 ||    17
       Cleansing Flame   |       |       |       |       |       |       |       |       |    13 ||    13
 Abil: Evoke Berserk Rag |       |       |       |       |     1 |       |       |       |       ||     1
       Stop Flying       |       |       |       |       |     1 |       |       |       |       ||     1
       Evoke Flight      |       |       |       |       |       |       |       |     7 |       ||     7
Evoke: Wand              |       |       |     3 |     9 |    11 |     2 |    22 |     3 |     2 ||    52
       Phial of floods   |       |       |       |       |       |       |     3 |     2 |     3 ||     8
       Sack of spiders   |       |       |       |       |       |       |       |     1 |     1 ||     2
       Box of beasts     |       |       |       |       |       |       |       |       |     4 ||     4
       Lamp of fire      |       |       |       |       |       |       |       |       |     2 ||     2
       Fan of gales      |       |       |       |       |       |       |       |       |     1 ||     1
       Phantom mirror    |       |       |       |       |       |       |       |       |     1 ||     1
  Use: Scroll            |     4 |       |    10 |    13 |    13 |     6 |    13 |    15 |    22 ||    96
       Potion            |       |       |     2 |     2 |     4 |     3 |    15 |    12 |    14 ||    52
 Stab: Sleeping          |     1 |       |       |     1 |     5 |       |       |       |       ||     7
       Distracted        |       |       |       |       |     1 |     2 |       |       |       ||     3
       Held in net/web   |       |       |       |       |       |     6 |       |       |       ||     6
  Eat: Chunk             |     2 |     9 |    12 |    21 |    16 |    63 |    12 |    16 |    41 ||   192
       Meat ration       |       |       |     1 |     2 |     4 |     1 |     3 |     1 |     6 ||    18
       Bread ration      |       |       |       |       |       |       |     8 |     9 |     5 ||    22
       Royal jelly       |       |       |       |       |       |       |     2 |       |       ||     2
       Fruit             |       |       |       |       |       |       |     1 |     1 |       ||     2
       Beef jerky        |       |       |       |       |       |       |       |       |     3 ||     3
       Pizza             |       |       |       |       |       |       |       |       |     1 ||     1
Armor: Scale mail        |    27 |    72 |       |       |       |       |       |       |       ||    99
       Robe              |     1 |       |       |       |       |       |       |       |       ||     1
       Ring mail         |       |     5 |   108 |   172 |   374 |   114 |       |       |       ||   773
       Plate armour      |       |       |       |       |     3 |     1 |       |       |       ||     4
       Skin              |       |       |       |       |     2 |       |       |       |       ||     2
       Chain mail        |       |       |       |       |       |   569 |   301 |       |       ||   870
       Gold dragon scale |       |       |       |       |       |       |  1136 |   904 |  1664 ||  3704
Dodge: Dodged            |    13 |    54 |    48 |   198 |   550 |   933 |  1105 |   683 |  1298 ||  4882
Block: Large shield      |    36 |   129 |   146 |    95 |       |       |       |       |       ||   406
       Other             |       |       |       |       |       |       |    50 |    47 |   194 ||   291
